 Dungeon Crawl Stone Soup version 0.21.1-1-g345015f (webtiles) character file.

5364 LLlMATKO the Cleaver (level 10, 0/136 HPs)
             Began as a Minotaur Berserker on May 11, 2018.
             Was a Priest of Trog.
             Slain by a hornet (5 damage)
             ... on level 8 of the Dungeon.
             The game lasted 00:27:16 (9959 turns).

LLlMATKO the Cleaver (Minotaur Berserker)           Turns: 9959, Time: 00:27:17

Health: 0/136      AC:  8    Str: 27    XL:     10   Next: 39%
Magic:  9/9        EV: 10    Int:  4    God:    Trog [***...]
Gold:   308        SH: 12    Dex: 15    Spells: 9/9 levels left

rFire    + . .     SeeInvis .   x - +0 war axe
rCold    + . .     Gourm    .   F - +1 shield
rNeg     . . .     Faith    .   y - +0 ring mail
rPois    .         Spirit   .   (helmet restricted)
rElec    .         Reflect  .   I - scarf {rC+ rF+}
rCorr    .         Harm     .   s - +0 pair of gloves
MR       .....                  (no boots)
Stlth    ..........             (no amulet)
HPRegen  0.32/turn              E - +2 ring of dexterity
MPRegen  0.11/turn              (no ring)

@: berserking, lethally poisoned (0 -> -57), slowed
A: retaliatory headbutt, horns 2
a: Berserk, Trog's Hand, Burn Spellbooks, Renounce Religion


You were on level 8 of the Dungeon.
You worshipped Trog.
Trog was most pleased with you.
You were hungry.

You visited 2 branches of the dungeon, and saw 9 of its levels.

You collected 308 gold pieces.

Inventory:

Hand Weapons
 x - a +0 war axe (weapon)
Missiles
 h - 6 javelins of returning (quivered)
 L - 7 tomahawks
Armour
 s - a +0 pair of gloves (worn)
 y - a +0 ring mail (worn)
 F - a +1 shield (worn)
 I - a scarf of resistance (worn)
Jewellery
 e - an uncursed ring of magical power {unknown}
 E - a +2 ring of dexterity (left hand)
Wands
 B - a wand of flame (38)
 K - a wand of scattershot (7)
Scrolls
 d - 4 scrolls of remove curse
 f - a scroll of identify
 i - a scroll of magic mapping
 l - a scroll of enchant armour
 r - 4 scrolls of teleportation
 u - a scroll of blinking
Potions
 a - 2 potions of lignification
 b - 2 potions of berserk rage {unknown}
 g - 6 potions of curing
 k - 3 potions of cancellation
 m - 2 potions of degeneration
 n - 2 potions of resistance
 t - 2 potions of heal wounds
 v - a potion of ambrosia
 w - 2 potions of magic
 A - 4 potions of might
 C - 2 potions of mutation
 G - a potion of haste {unknown}
 J - a potion of flight {unknown}
Comestibles
 c - 17 rations
 j - 6 chunks of flesh


   Skills:
 + Level 9.5 Fighting
 * Level 12.5 Axes
 + Level 9.1 Armour
 - Level 2.1 Dodging
 + Level 6.1 Shields


You had 9 spell levels left.
You didn't know any spells.

Dungeon Overview and Level Annotations

Branches:
Dungeon (8/15)             Temple (1/1) D:7
   Lair: D:8-11

Altars:
Ashenzari
Cheibriados
Elyvilon
Fedhas
Hepliaklqana
Kikubaaqudgha
Makhleb
Nemelex Xobeh
Okawaru
Qazlal
Sif Muna
Trog
Uskayaw
Vehumet
Yredelemnul
Zin

Shops:
D:4 *   D:7 *[[(


Innate Abilities, Weirdness & Mutations

You reflexively headbutt those who attack you in melee.
You have a pair of horns on your head.


Message History

You barely miss the soldier ant. You slash the hornet!
* * * LOW HITPOINT WARNING * * *
You feel very sick. You block the hornet's attack.
You block the soldier ant's attack. The soldier ant barely misses you.
Some of the chunks of flesh in your inventory have rotted away.
You are too berserk!
Quiver which item? (- for none, * to show all) (? for menu, Esc to quit)
Okay, then.
You are too berserk!
You slash the soldier ant! Your headbutt misses the soldier ant.
The soldier ant is almost dead.
You slash the soldier ant!
You kill the soldier ant!
Trog accepts your kill.
You closely miss the hornet.
* * * LOW HITPOINT WARNING * * *
You feel very sick. The hornet stings you.
You die...

###.### ##...#
###.......# #.#
#.....###...##
#<.....>..# #.#
#.#.#.##....#
##.####.### #.#
#.#.......#.#
#.####.# #..
#.###.###.###
#......# ###
#.....# #.###
#.###### #######
#..#.# ##.#
#####a#.###########
#.#@##.........#
#.#y#.#######.#
###.###.# #.#
#..#..#.##### #.#
#..#........# #.#
##.##.##.###.# #.#
##...#.##.# #.# #.#
#......##.###.###.#
##...#.##.........#


You could see a soldier ant and a hornet.

Vanquished Creatures
  A two-headed ogre (D:8)
  The ghost of Yorethra the Skirmisher, a novice GrFi of Okawaru (D:7)
  Joseph (D:7)
  A hippogriff (D:8)
  Sigmund (D:2)
  A soldier ant (D:8)
  2 black bears (D:8)
  An orc warrior (D:8)
  A phantom (D:5)
  4 sky beasts
  An ice beast (D:8)
  A necrophage (D:8)
  6 ogres
  3 centaurs
  Blork the orc (D:4)
  A bullfrog (D:6)
  A gnoll sergeant (D:7)
  2 scorpions
  5 killer bees (D:7)
  A howler monkey (D:7)
  2 crimson imps (D:5)
  A bullfrog zombie (D:7)
  A quasit (D:7)
  4 orc priests
  3 hounds (D:8)
  3 jellies
  Crazy Yiuf (D:2)
  9 orc wizards
  An iguana (D:4)
  Natasha (thrice) (D:2)
  Terence (D:3)
  7 worker ants
  A hound zombie (D:7)
  11 adders
  3 gnolls (D:7)
  2 shadow imps
  3 adder skeletons
  A worm (D:2)
  4 leopard geckos
  31 orcs
  A ball python (D:4)
  11 bats
  6 giant cockroaches
  6 goblins
  11 hobgoblins
  13 jackals
  5 quokkas
  A ball python zombie (D:5)
  12 frilled lizards
  8 kobolds
  6 rats
208 creatures vanquished.

Notes
Turn   | Place    | Note
-------+----------+-------------------------------------------
     0 | D:1      | LLlMATKO the Minotaur Berserker began the quest for the Orb.
     0 | D:1      | Reached XP level 1. HP: 19/19 MP: 0/0
   184 | D:1      | Reached skill level 4 in Axes
   241 | D:1      | Reached XP level 2. HP: 27/27 MP: 1/1
   934 | D:2      | Reached ** piety under Trog
   937 | D:2      | Reached XP level 3. HP: 33/33 MP: 2/2
  1355 | D:2      | Reached XP level 4. HP: 38/41 MP: 3/3
  1424 | D:2      | Noticed Sigmund
  1438 | D:2      | Killed Sigmund
  1438 | D:2      | Reached skill level 5 in Fighting
  1438 | D:2      | Reached skill level 6 in Axes
  1438 | D:2      | Reached XP level 5. HP: 20/48 MP: 4/4
  1658 | D:2      | Found a runed door.
  1673 | D:2      | Noticed Natasha
  1679 | D:2      | Killed Natasha
  1924 | D:2      | Noticed Crazy Yiuf
  1933 | D:2      | Killed Crazy Yiuf
  1933 | D:2      | Reached XP level 6. HP: 7/56 MP: 5/5
  2475 | D:2      | Noticed Natasha
  2483 | D:2      | Killed Natasha
  2845 | D:2      | Noticed Natasha
  2853 | D:2      | Killed Natasha
  2925 | D:3      | Noticed Terence
  2950 | D:3      | Killed Terence
  2954 | D:3      | Reached skill level 7 in Axes
  3069 | D:3      | Reached *** piety under Trog
  3185 | D:3      | Reached skill level 5 in Armour
  3185 | D:3      | Reached XP level 7. HP: 39/62 MP: 6/6
  3588 | D:3      | Found a radiant altar of Vehumet.
  3866 | D:4      | Reached **** piety under Trog
  3965 | D:4      | Reached skill level 8 in Axes
  4341 | D:4      | Noticed Blork the orc
  4356 | D:4      | Killed Blork the orc
  4367 | D:4      | Reached XP level 8. HP: 5/71 MP: 7/7
  4706 | D:4      | Found Meuhy's Assorted Antiques.
  4968 | D:4      | Found a burning altar of Makhleb.
  4970 | D:4      | Found a glowing silver altar of Zin.
  4970 | D:4      | Noticed an angel
  4970 | D:4      | Noticed a balrug
  5436 | D:5      | Entered Level 5 of the Dungeon
  5441 | D:5      | Reached skill level 9 in Axes
  5822 | D:5      | Reached skill level 1 in Shields
  5950 | D:5      | Found a basalt altar of Yredelemnul.
  6403 | D:6      | Reached skill level 10 in Axes
  7386 | D:7      | Found Uxiphet's Antique Armour Emporium.
  7397 | D:7      | Reached XP level 9. HP: 80/80 MP: 8/8
  7818 | D:7      | Found a sparkling altar of Nemelex Xobeh.
  7822 | D:7      | Noticed Joseph
  7841 | D:7      | Killed Joseph
  8096 | D:7      | Noticed Yorethra's ghost (novice GrFi)
  8146 | D:7      | Killed Yorethra's ghost
  8146 | D:7      | Reached skill level 11 in Axes
  8251 | D:7      | Found a stormy altar of Qazlal.
  8393 | D:7      | Found Wovvypa's Weapon Emporium.
  8405 | D:7      | Found a shattered altar of Ashenzari.
  8414 | D:7      | Found Kuoph's Armour Emporium.
  8451 | D:7      | Reached ***** piety under Trog
  8451 | D:7      | Reached skill level 5 in Shields
  8704 | D:7      | Found a staircase to the Ecumenical Temple.
  8723 | D:7      | Found a sparkling altar of Nemelex Xobeh.
  8856 | D:7      | Found Tidez's Assorted Antiques.
  8962 | Temple   | Entered the Ecumenical Temple
  9040 | D:8      | Found a bloodstained altar of Trog.
  9051 | D:8      | Reached XP level 10. HP: 76/91 MP: 9/9
  9130 | D:8      | Found a white marble altar of Elyvilon.
  9191 | D:8      | Reached skill level 12 in Axes
  9235 | D:8      | Noticed a two-headed ogre
  9246 | D:8      | Killed a two-headed ogre
  9950 | D:8      | Paralysed by a hornet for 3 turns
  9957 | D:8      | Paralysed by a hornet for 1 turns
  9959 | D:8      | HP: 5/136 [poisoned by a soldier ant]
  9959 | D:8      | Slain by a hornet

Skill      XL: |  1  2  3  4  5  6  7  8  9 10 |
---------------+-------------------------------+-----
Axes           | 4 6 7 8 10 11 12 | 12.5
Fighting       | 4 5 6 7 9 |  9.5
Armour         | 3 4 5 6 7 8 9 |  9.1
Shields        | 2 5 6 |  6.1
Dodging        | |  2.1

Action                   |  1- 3 |  4- 6 |  7- 9 | 10-12 || total
-------------------------+-------+-------+-------+-------++-------
Melee: Hand axe          |    75 |    39 |       |       ||   114
       Headbutt          |    11 |    13 |    63 |    18 ||   105
       War axe           |       |    43 |   330 |    52 ||   425
Throw: Javelin           |       |       |    13 |     1 ||    14
Invok: Berserk           |     1 |     3 |     7 |     2 ||    13
  Use: Scroll            |       |       |    12 |     9 ||    21
 Stab: Sleeping          |     1 |       |       |       ||     1
  Eat: Chunk             |     2 |     2 |    24 |     5 ||    33
       Ration            |       |     2 |       |       ||     2
Armor: Animal skin       |    12 |       |       |       ||    12
       Leather armour    |     5 |     2 |       |       ||     7
       Ring mail         |       |    23 |   103 |    18 ||   144
Dodge: Dodged            |    57 |    40 |   118 |    19 ||   234
Block: Shield            |       |       |    97 |    29 ||   126
